 Dungeon Crawl Stone Soup version 0.30.0-15-g856e2d3f33 (webtiles) character file.

Game seed: 3305671939777515504

98 bmack86 the Trooper (level 4, -4/40 HPs)
             Began as a Minotaur Fighter on May 18, 2023.
             Killed by divine providence
             ... invoked by an orc priest
              (14 damage)
             ... on level 3 of the Dungeon.
             The game lasted 00:04:12 (1233 turns).

bmack86 the Trooper (Minotaur Fighter)              Turns: 1233, Time: 00:04:13

Health: -4/40      AC:  9    Str: 23    XL:     4   Next: 43%
Magic:  3/3        EV:  8    Int:  5    God:
Gold:   165        SH:  4    Dex:  9    Spells: 3/3 levels left

rFire   . . .        a - +0 war axe
rCold   . . .        c - +0 buckler
rNeg    . . .        l - +0 chain mail
rPois   .            (helmet restricted)
rElec   .            (no cloak)
rCorr   .            (no gloves)
SInv    .            (no boots)
Will    .....        (no amulet) Stlth
                     (no ring)
HPRegen 0.26/turn    (no ring)
MPRegen 0.08/turn

%: no passive effects
@: mighty
A: horns 2, retaliatory headbutt
a: no special abilities


You were on level 3 of the Dungeon.
You visited 1 branch of the dungeon, and saw 3 of its levels.

You collected 165 gold pieces.

Inventory:

Hand Weapons
 a - a +0 war axe (weapon)
Missiles
 g - 4 boomerangs (quivered)
Armour
 b - a +0 scale mail
 c - a +0 buckler (worn)
 l - a +0 chain mail (worn)
Wands
 k - a wand of acid (8)
Potions
 e - a potion of mutation {unknown}
 f - 2 potions of attraction
 h - 3 potions of curing
 j - a potion of heal wounds {unknown}


   Skills:
 + Level 4.3 Fighting
 * Level 4.1 Axes
 + Level 1.1 Throwing
 - Level 4.0 Armour
 - Level 4.0 Shields
 + Level 0.4 Evocations


You had 3 spell levels left.
You didn't know any spells.
Your spell library contained the following spells:

 Spells                   Type           Power      Damage    Failure   Level
 Slow                     Hex            0%         N/A       98%         1
 Confusing Touch          Hex            0%         N/A       100%        3
 Vampiric Draining        Necr           0%         2d6       100%        3


Dungeon Overview and Level Annotations

Branches:
Dungeon (3/15)

Altars:
Hepliaklqana


Innate Abilities, Weirdness & Mutations

You have a pair of horns on your head.
You reflexively headbutt those who attack you in melee.


Message History

You kill the adder!
You see here an adder corpse.
A goblin and an orc come into view.
The goblin shouts!
The orc shouts!
You hear a shout! x3
The orc throws a boomerang.
You block the boomerang.
An orc comes into view.
It is wielding a +0 short sword and quivering silver boomerangs.
Found a hazy altar of Hepliaklqana.
The orc shouts!
An orc comes into view. It is wielding a +0 dagger.
You hit the goblin.
The goblin is moderately wounded.
An orc comes into view. It is wielding a +0 dagger.
The goblin hits you but does no damage.
You barely miss the goblin.
The goblin is moderately wounded.
An orc comes into view. It is wielding a +0 morningstar.
The goblin hits you but does no damage. The goblin hits you with a +0 dagger.
You slash the goblin!
You kill the goblin!
An orc priest comes into view. It is wielding a +0 mace.
You barely miss the orc. The orc hits you with a +0 morningstar.
You hit the orc. You headbutt the orc, but do no damage.
The orc is heavily wounded.
The orc hits you with a +0 morningstar.
The orc priest mumbles some strange prayers to Beogh against you.
Beogh smites you!
You hit the orc. Your headbutt misses the orc.
The orc is heavily wounded.
The orc hits you with a +0 morningstar. x2
* * * LOW HITPOINT WARNING * * *
You barely miss the orc.
The orc is heavily wounded.
You block the orc's attack.
You feel very mighty all of a sudden. The orc barely misses you.
You furiously retaliate!
You headbutt the orc!
You kill the orc!
You barely miss the orc. The orc hits you but does no damage.
The orc priest calls down the wrath of Beogh upon you.
Beogh smites you!
You die...

_ .. ##.#
#...o####
#.ooo@.# #.##
....#o##.# ...
. # #.# ... #.#
#.# #.# ####.##
#.##### ......#
####### #.....#
......# #.....#
#####.#
####..###.....#
#.#


You could see an orc priest and 4 orcs.

Vanquished Creatures
  A gnoll (D:1)
  3 adders
  2 worms (D:2)
  An orc (D:3)
  6 bats
  3 endoplasms
  3 giant cockroaches
  6 goblins
  2 hobgoblins (D:1)
  3 jackals (D:1)
  A quokka (D:1)
  3 ball pythons
  4 frilled lizards (D:1)
  7 kobolds
  8 rats
53 creatures vanquished.

Notes
Turn   | Place    | Note
-------+----------+-------------------------------------------
     0 | D:1      | bmack86 the Minotaur Fighter began the quest for the Orb.
     0 | D:1      | Reached XP level 1. HP: 19/19 MP: 0/0
   120 | D:1      | Reached XP level 2. HP: 27/27 MP: 1/1
   352 | D:1      | Reached XP level 3. HP: 17/33 MP: 2/2
   828 | D:2      | Reached XP level 4. HP: 40/40 MP: 3/3
  1098 | D:3      | Reached skill level 1 in Throwing
  1224 | D:3      | Found a hazy altar of Hepliaklqana.
  1233 | D:3      | Killed from afar by an orc priest

Illustrated notes

Levels and vault maps discovered:
D:1:      lightli_arrival_statuegarden, layout_rooms
D:2:      layout_rooms
D:3:      layout_loops_cross, mainiacjoe_overflow_alcove_1,
          nicolae_shop_vocational

Skill      XL: |  1  2  3  4 |
---------------+-------------+-----
Axes           | 3 4 |  4.1
Fighting       | 4 |  4.3
Armour         | 4 |  4.0
Shields        | 4 |  4.0
Throwing       | 1 |  1.1
Evocations     | |  0.4

Action                     |  1- 3 |  4- 6 || total
---------------------------+-------+-------++-------
  Melee: War axe           |    71 |    27 ||    98
         Headbutt          |     7 |     4 ||    11
  Throw: Boomerang         |       |     2 ||     2
    Use: Scroll            |     1 |     2 ||     3
         Potion            |       |     1 ||     1
 Armour: Scale mail        |    52 |     2 ||    54
         Chain mail        |       |     9 ||     9
  Dodge: Dodged            |    46 |    10 ||    56
  Block: Buckler           |    21 |     8 ||    29
